 Dungeon Crawl Stone Soup version 0.25-a0-285-gcba6f664f8 (webtiles) character file.

Game seed: 7890036960700013910, levelgen mode: deterministic

21 mopl the Grasshopper (level 2, 0/15 HPs)
             Began as a Vine Stalker Warper on Dec 11, 2019.
             Slain by a worm (3 damage)
             ... on level 2 of the Dungeon.
             The game lasted 00:01:01 (483 turns).

mopl the Grasshopper (Vine Stalker Warper)           Turns: 483, Time: 00:01:01

Health: 0/15       AC:  4    Str: 13    XL:     2   Next: 83%
Magic:  0/6        EV: 11    Int: 13    God:
Gold:   44         SH:  0    Dex: 13    Spells: 3/5 levels left

rFire    . . .     SeeInvis .   a - +0 short sword
rCold    . . .     Gourm    .   (no shield)
rNeg     . . .     Faith    .   b - +0 leather armour
rPois    .         Spirit   +   (no helmet)
rElec    .         Reflect  .   (no cloak)
rCorr    .         Harm     .   k - +0 pair of gloves
MR       .....                  (no boots)
Stlth    ++........             (no amulet)
HPRegen  0.05/turn              (no ring)
MPRegen  0.10/turn              (no ring)

@: no status effects
A: fangs 2, magic shield, antimagic bite, no potion heal 3, rot immunity
a: no special abilities


You were on level 2 of the Dungeon.
You were not hungry.

You visited 1 branch of the dungeon, and saw 2 of its levels.

You collected 44 gold pieces.

Inventory:

Hand Weapons
 a - a +0 short sword (weapon)
Missiles
 e - 5 boomerangs of dispersal (quivered)
Armour
 b - a +0 leather armour (worn)
 k - a +0 pair of gloves (worn)
Jewellery
 o - a cursed amulet of inaccuracy {unknown}
Scrolls
 c - 2 scrolls of remove curse {unknown}
 d - a scroll of blinking
 g - a scroll of identify {unknown}
 h - a scroll of enchant armour {unknown}
 i - a scroll of enchant weapon {unknown}
 j - a scroll of fear {unknown}
Potions
 l - a potion of heal wounds {unknown}
 m - a potion of berserk rage {unknown}
Comestibles
 f - 2 rations
 n - 2 chunks of flesh


   Skills:
 - Level 1.7 Fighting
 + Level 2.2 Short Blades
 - Level 0.8 Throwing
 - Level 0.7 Armour
 - Level 1.5 Dodging
 * Level 2.6 Stealth
 - Level 2.1 Spellcasting
 - Level 3.0 Translocations


You had 3 spell levels left.
You knew the following spells:

 Your Spells              Type           Power        Failure   Level  Hunger
e - Blink                 Tloc           N/A          14%         2    ###....

Your spell library contained the following spells:

 Spells                   Type           Power        Failure   Level  Hunger
 Shroud of Golubria       Chrm/Tloc      #.....       26%         2    ###....
 Gell's Gravitas          Tloc           #.........   28%         3    ####...
 Lesser Beckoning         Tloc           #.........   28%         3    ####...
 Teleport Other           Tloc           #.......     28%         3    ####...
 Passage of Golubria      Tloc           N/A          67%         4    #####..


Dungeon Overview and Level Annotations

Branches:
Dungeon (2/15)

Altars:


Innate Abilities, Weirdness & Mutations

You have extremely sharp teeth.
When hurt, damage is shared between your health and your magic reserves.
Your bite disrupts and absorbs the magic of your enemies.
Potions cannot restore your health.
You are immune to rotting.


Message History

The dart slug is moderately wounded.
The worm barely misses you. The worm bites you.
The hobgoblin shouts!
You hit the dart slug.
You bite the dart slug, but do no damage.
The dart slug is heavily wounded.
The dart slug closely misses you. The worm completely misses you.
The worm barely misses you.
You hit the dart slug.
You bite the dart slug, but do no damage.
The dart slug is heavily wounded.
The dart slug bites you but does no damage.
You hit the dart slug.
The dart slug is almost dead.
The worm closely misses you. The worm barely misses you.
The dart slug bites you but does no damage.
You hit the dart slug.
You kill the dart slug!
You barely miss the hobgoblin. The worm bites you.
You die...

.....# #.. .....# ....
.[. .....# ##.[. ..
.... .. .....##.
##.#..# ... ...
....<##. #.....
...#...# #######.
#..#.##.#..#gr.#
#.##...#.?#...l...#
#####.....#[##w#......#
#.. ...#..#.##@#......#
#.####.#...#$w#gr......
#.#....†..#.##.#.#.....
#.#.##.##........# ##.
###.#.##.######......
.........# #?.......
########## #....####
...#.# ####..


You could see 2 worms, a hobgoblin and a rat.

Vanquished Creatures
  3 dart slugs
  A leopard gecko (D:2)
  A giant cockroach (D:1)
  2 goblins (D:2)
  A hobgoblin (D:1)
  A bat (D:2)
  A frilled lizard (D:1)
  2 kobolds
  3 rats
15 creatures vanquished.

Notes
Turn   | Place    | Note
-------+----------+-------------------------------------------
     0 | D:1      | mopl the Vine Stalker Warper began the quest for the Orb.
     0 | D:1      | Reached XP level 1. HP: 11/11 MP: 4/4
    43 | D:1      | Reached skill level 1 in Stealth
   116 | D:1      | Reached skill level 2 in Short Blades
   116 | D:1      | Reached XP level 2. HP: 11/15 MP: 6/6
   120 | D:1      | Learned a level 2 spell: Blink
   393 | D:2      | Reached skill level 2 in Stealth
   483 | D:2      | Slain by a worm

Levels and vault maps discovered:
D:1:      lightli_arrival_boilingwater, layout_basic
D:2:      layout_loops_cross, lemuel_crystal_altar, minmay_small_reverse_x

Skill      XL: |  1  2 |
---------------+-------+-----
Stealth        | 1 2 |  2.6
Short Blades   | 2 |  2.2
Fighting       | |  1.7
Throwing       | |  0.8
Armour         | |  0.7
Dodging        | |  1.5
Spellcasting   | |  2.1
Translocations | |  3.0

Action                   || total
-------------------------++-------
Melee: Short sword       ||    36
       Bite              ||    13
 Stab: Sleeping          ||     4
Armor: Leather armour    ||     4
Dodge: Dodged            ||    17

Table legend:
 A = Non-vault XP
 B = Vault XP
 C = Vault XP percentage of total XP
 D = Non-vault monster count
 E = Vault monster count
 F = Vault count percentage of total count
                 A         B        C        D         E       F
            +---------+---------+-------+---------+---------+-------
      Total |      24 |       6 |  20.0 |      12 |       3 |  20.0
            +---------+---------+-------+---------+---------+-------
        D:1 |      12 |       0 |   0.0 |       7 |       0 |   0.0
        D:2 |      12 |       6 |  33.3 |       5 |       3 |  37.5
            +---------+---------+-------+---------+---------+-------
